[Event "Live Chess"]
[Site "Chess.com"]
[Date "2024.06.01"]
[Round "-"]
[White "Pizzaman313"]
[Black "Crowded_House"]
[Result "1/2-1/2"]
[WhiteElo "1193"]
[BlackElo "1758"]
[TimeControl "300"]
[EndTime "9:09:35 PDT"]
[Termination "Game drawn by repetition"]

1. e4 e6 2. d4 d5 3. e5 c5 4. c3 Nc6 5. Nf3 Qb6 6. a3 Bd7 7. b4 cxd4 8. cxd4 Nge7 9. Bb2 Ng6 10. Be2 Be7 11. O-O O-O 12. Bd3 Rfc8 13. Bxg6 hxg6 14.
Nbd2 a6 15. Rc1 Na7 16. Nb3 Qd8 17. Nc5 Bxc5 18. dxc5 b6 19. Bd4 bxc5 20. Bxc5 Nb5 21. Qd3 a5 22. Nd4 Nxd4 23. Qxd4 axb4 24. axb4 Ra4 25.
Bb6 Qe8 26. Rxc8 Qxc8 27. Bc5 Qa8 28. h3 Qb7 29. Rc1 Qc8 30. Qf4 Qb7 31. Bd6 Bc6 32. Qh4 Qb5 33. Qd8+ Kh7 34. Qh4+ Kg8 35. Qd8+ Kh7 36.
Qh4+ Kg8 1/2-1/2

[Event "Live Chess"]
[Site "Chess.com"]
[Date "2024.06.01"]
[Round "-"]
[White "Leovip"]
[Black "MaximKhimchenko"]
[Result "1/2-1/2"]
[WhiteElo "1729"]
[BlackElo "1743"]
[TimeControl "300"]
[EndTime "9:09:40 PDT"]
[Termination "Game drawn by stalemate"]

1. e4 c5 2. Nf3 d6 3. Bc4 Nf6 4. Nc3 e6 5. d4 cxd4 6. Nxd4 Nc6 7. O-O Bd7 8. Kh1 Rc8 9. Nxc6 Bxc6 10. Bd3 Be7 11.
f3 h5 12. Bf4 h4 13. h3 Nh5 14. Bh2 Ng3+ 15. Bxg3 hxg3 16. Ne2 Bh4 17. Qe1 Qg5 18. f4 Qg6 19. e5 Qh6 20. Nxg3 Be7 21. Kg1 Bh4 22. Qe3 d5 23. Rae1 d4 24. Qf2 Bd8 25. f5 Bg5 26. fxe6 Be3 27. Rxe3 Qxe3 28. Qxe3 dxe3 29. exf7+ Kf8 30. Nf5 g6 31. Nd6 Rd8 32.
Bxg6 Kg7 33. Bd3 Rh5 34. Nf5+ Kf8 35. e6 Rxf5 36. Bxf5 Bb5 37. Re1 e2 38. Bg4 Rd2 39. Bf5 Ke7 40. b3 Rd8 41. c4 Bc6 42. Rxe2 Kf6 43.
e7 Rd1+ 44. Kh2 Kxf7 45. Be6+ Kg6 46. Bd5 Be8 47. Re6+ Kf5 48. Rd6 Ke5 49. Rd8 Bg6 50.
e8=N Bxe8 51. Rxe8+ Kd4 52. Bxb7 Kc3 53. Ra8 Kd2 54.
Rxa7 Ke1 55. a4 Kd2 56. Bf3 Rb1 57. Rb7 Kc3 58. c5 Kb2 59. c6 Rc1 60. c7 Ka3 61.
Bg4 Re1 62. c8=Q Kb2 63. Qh8+ Ka2 64. Qc3 Rb1 65. b4 Rb2 66. Be6+ Kb1 67. Rd7 Rxg2+ 68. Kxg2 1/2-1/2

[Event "Live Chess"]
[Site "Chess.com"]
[Date "2024.06.01"]
[Round "-"]
[White "grillage"]
[Black "MagnersCarlsberg2870"]
[Result "1-0"]
[WhiteElo "1936"]
[BlackElo "1893"]
[TimeControl "300"]
[EndTime "9:09:45 PDT"]
[Termination "grillage won by checkmate"]

1. d4 Nf6 2. Nf3 d6 3. c4 g6 4. g3 Bg7 5. Bg2 O-O 6. O-O Bg4 7. h3 Bf5 8. Nc3 Qd7 9. Kh2 Nc6 10. Nh4 e5 11.
Nxf5 Qxf5 12. dxe5 Nxe5 13. Bxb7 Rab8 14. Bg2 Nxc4 15. e4 Qe6 16. Rb1 Nd7 17. Qc2 Nc5 18. b3 Ne5 19. Bb2 f5 20. exf5 gxf5 21. Rbd1 Kh8 22.
f4 Ned3 23. Rxd3 Nxd3 24. Qxd3 Rbe8 25. Rf2 h5 26. Re2 Qg6 27. Rxe8 Rxe8 28. Qc2 h4 29. Qf2 hxg3+ 30. Qxg3 Qh6 31. Na4 Bxb2 32. Nxb2 Rg8 33.
Qc3+ Kh7 34. Qxc7+ Rg7 35. Qc2 Qxf4+ 36. Kh1 Qg5 37.
Nc4 d5 38. Ne5 Kh6 39. Nf3 Qf4 40. Qc6+ Kh7 41. Qxd5 Qc1+ 42. Ng1 Qf4 43. Qd1 Qf2 44.
Qh5+ Kg8 45. Bd5+ Kf8 46. Qh8+ Ke7 47. Qxg7+ Kd6 48. Bg2 f4 49. Qf6+ Kc5 50. Qe5+ Kb4 51. Qe4+ Ka3 52. Qa4+ Kb2 53. Qe4 Qg3 54. Qf3 Qg5 55.
Qf2+ Ka3 56. Nf3 Qf6 57. Qc5+ Kxa2 58. Qa5+ Kxb3 59. Qxa7 Qh6 60. Qb7+ Kc3 61. Qc7+ Kd3 62. Qd7+ Ke3 63. Qd4+ Ke2 64. Qd2# 1-0

[Event "Live Chess"]
[Site "Chess.com"]
[Date "2024.06.01"]
[Round "-"]
[White "14141409"]
[Black "LL220284LL"]
[Result "0-1"]
[WhiteElo "2551"]
[BlackElo "2583"]
[TimeControl "300"]
[EndTime "9:09:54 PDT"]
[Termination "LL220284LL won on time"]

1. e4 g6 2. d4 Bg7 3. Nc3 c6 4. Be3 d6 5. f4 Nd7 6. Nf3 Qa5 7. Qd2 b5 8. Bd3 Ngf6 9. e5 Ng4 10. Bg1 Nh6 11. a3 O-O 12. b4 Qd8 13. Ne4 Nb6 14. Bf2 Bf5 15. O-O Nd5 16. h3 a5 17. c3 Qc7 18. g4 Bd7 19. Bh4 Rfe8 20. Bxe7 Nxe7 21. exd6 Qa7 22. dxe7 axb4 23. cxb4 Bxd4+ 24. Nxd4 Qxd4+ 25. Kg2 Rxe7 26. Nc5 Bxg4 27. hxg4 Nxg4 28. Rfe1 Ne3+ 29. Kf3 Qd5+ 30. Kg3 Rae8 31. Qf2 h5 32. f5 h4+ 33. Kh3 g5 34. f6 Re5 35. Rg1 Kh8 36. Rae1 Qd4 37.
Be4 Rxe4 38. Nxe4 Rxe4 39. Rxg5 Qd7+ 40. Kh2 Ng4+ 41. Rxg4 Qxg4 42. Rxe4 Qxe4 43. Qg1 Qf4+ 44. Kh1 Qf3+ 45. Kh2 Qg3+ 46. Qxg3 hxg3+ 0-1

[Event "Live Chess"]
[Site "Chess.com"]
[Date "2024.06.01"]
[Round "-"]
[White "Nathaniel250"]
[Black "SirGerhard"]
[Result "0-1"]
[WhiteElo "1384"]
[BlackElo "2750"]
[TimeControl "300"]
[EndTime "9:10:02 PDT"]
[Termination "SirGerhard won by checkmate"]

1. c4 e5 2. Nc3 Bb4 3. Nd5 Be7 4. e4 Nf6 5. d3 Nxd5 6. cxd5 c6 7. dxc6 Nxc6 8. Nf3 O-O 9. Be2 d5 10. O-O Be6 11. h3 Qd7 12. Ng5 Bxg5 13. Bxg5 f6 14. Bc1 Rac8 15. Bg4 Bxg4 16. Qxg4 Qxg4 17. hxg4 Nb4 18.
Rd1 Rc2 19. a3 Nc6 20. Rb1 Rd8 21. Bd2 dxe4 22. Bc3 exd3 23. Rbc1 Re2 24. Rd2 Rxd2 25. Bxd2 Kf7 26. b4 a6 27. Rd1 Ke6 28. g5 f5 29. f3 f4 30. Kh2 Kf5 31. Kh3 Kxg5 32. Bc3 Kf5 33. Kh4 Rd6 34. Kh5 Rh6# 0-1

[Event "Live Chess"]
[Site "Chess.com"]
[Date "2024.06.01"]
[Round "-"]
[White "CheDA13"]
[Black "YukHei_Lee2011"]
[Result "0-1"]
[WhiteElo "1502"]
[BlackElo "2016"]
[TimeControl "300"]
[EndTime "9:10:03 PDT"]
[Termination "YukHei_Lee2011 won by resignation"]

1. e4 c6 2. d4 d5 3. exd5 cxd5 4.
c4 Nf6 5. Nc3 dxc4 6. Bxc4 e6 7.
Nf3 Nc6 8. O-O Bd6 9. Re1 O-O 10. a3 a6 11. Bg5 h6 12. Be3 b5 13. Bd3 Bb7 14. Qd2 Re8 15. Rac1 Rc8 16. Bf4 Na5 17. Rb1 Bxf3 18. gxf3 Nb3 19. Qe3 Bxf4 20. Qxf4 Qxd4 21. Qxd4 Nxd4 22. Ne4 Nxf3+ 0-1

[Event "Live Chess"]
[Site "Chess.com"]
[Date "2024.06.01"]
[Round "-"]
[White "Queensandpawns"]
[Black "LaupMiths"]
[Result "0-1"]
[WhiteElo "2473"]
[BlackElo "1910"]
[TimeControl "300"]
[EndTime "9:10:04 PDT"]
[Termination "LaupMiths won by checkmate"]

1. d4 Nf6 2. Nc3 d5 3. Bf4 g6 4. e3 Bg7 5. h4 h6 6. h5 g5 7. Be5 c6 8. Bd3 Nbd7 9. Nge2 a5 10. f4 Nxe5 11. dxe5 Ng4 12. Qd2 Qb6 13. O-O-O Qxe3 14. Rde1 b5 15. fxg5 hxg5 16. Qxe3 Nxe3 17. Ng3 Nxg2 18.
Ref1 Nf4 19. Bf5 Bxe5 20. Bxc8 Rxc8 21. Re1 f6 22. Nf5 Kf7 23. Rhf1 Rxh5 24. Ne2 Ng2 25. Rd1 e6 26. Neg3 Rh2 27. Rd2 exf5 28. Nxf5 Rch8 29.
a4 b4 30. c3 bxc3 31. bxc3 Rh1 32. Rxh1 Rxh1+ 33. Kb2 Nf4 34. Ng3 Rg1 35. Nf5 Rg2 36. Kc2 Rxd2+ 37. Kxd2 Ke6 38. Ng7+ Kd6 39. Nf5+ Kc5 40.
Kc2 g4 41. Ne3 g3 42. c4 d4 43. Ng4 g2 44. Nf2 g1=Q 45. Ne4+ Kb6 46. Nd2 Qe3 47.
c5+ Kc7 48. Nb3 Qc3+ 49. Kb1 Qxb3+ 50. Ka1 d3# 0-1

[Event "Live Chess"]
[Site "Chess.com"]
[Date "2024.06.01"]
[Round "-"]
[White "Tushinskiy"]
[Black "A3ndrey9"]
[Result "1-0"]
[WhiteElo "2174"]
[BlackElo "1255"]
[TimeControl "300"]
[EndTime "9:10:07 PDT"]
[Termination "Tushinskiy won by resignation"]

1. d4 c6 2. c3 d5 3. Nf3 Bf5 4.
Bf4 e6 5. Nbd2 Nf6 6. Bg3 h6 7.
e3 Be7 8. Be2 O-O 9. b4 a5 10.
a3 axb4 11. axb4 Rxa1 12. Qxa1 Nbd7 13. O-O Qa8 14. h3 Nb6 15. Bc7 Nc4 16. Nxc4 dxc4 17.
Bxc4 Ne4 18. Qb2 Qc8 19. Bh2 Bd6 20. Ra1 Bxh2+ 21. Nxh2 Qc7 22. Be2 b5 23. Nf1 Ng5 24. Ng3 Ne4 25. Nxf5 exf5 26. Bf3 Re8 27. Ra3 Ng5 28.
Be2 Qe7 29. Bd3 f4 30. exf4 Qe1+ 31. Bf1 Nh7 32. Qa1 Re2 33. Ra8+ Nf8 34. Qxe1 Rxe1 35.
Rc8 Re4 36. g3 Re6 37. Kg2 g5 38. f5 Rd6 39. Bd3 Kg7 40. Be4 Nd7 41. Rxc6 Rxc6 42. Bxc6 Nb6 43. Bxb5 Kf6 44. Bd3 Nd5 45. b5 Nxc3 46.
b6 1-0

[Event "Live Chess"]
[Site "Chess.com"]
[Date "2024.06.01"]
[Round "-"]
[White "SvitlanaJ"]
[Black "Keithdfg"]
[Result "0-1"]
[WhiteElo "393"]
[BlackElo "1727"]
[TimeControl "300"]
[EndTime "9:10:22 PDT"]
[Termination "Keithdfg won by checkmate"]

1. e4 d6 2. d4 Nf6 3. e5 dxe5 4.
dxe5 Qxd1+ 5. Kxd1 Ng4 6. Bf4 Nxf2+ 7. Ke1 Nxh1 8. Nc3 Bf5 9. Rc1 c6 10. h3 e6 11. g4 Bg6 12. Be2 Bc5 13. Nf3 Nf2 14.
g5 Nxh3 15. Rd1 Nxf4 16. a3 Nxe2 17. Nxe2 Nd7 18. b4 Be3 19. Nh4 O-O-O 20. Nc3 Bxg5 21. Nf3 Be7 22. Na4 h5 23. Ke2 h4 24. Rh1 h3 25.
Nc5 Nxc5 26. bxc5 Bxc5 27. Ng5 h2 28. Nxf7 Bxf7 29. c4 Bg1 30. Kf1 Bh5 31. Kg2 Rd2+ 32.
Kg3 Bg6 33. Kf4 Bf5 34. Kg5 Rh3 35. c5 Rg2+ 36. Kf4 Be3# 0-1

[Event "Live Chess"]
[Site "Chess.com"]
[Date "2024.06.01"]
[Round "-"]
[White "edward33_24h"]
[Black "Hazban"]
[Result "0-1"]
[WhiteElo "625"]
[BlackElo "2034"]
[TimeControl "300"]
[EndTime "9:10:23 PDT"]
[Termination "Hazban won by resignation"]

1. d4 Nf6 2. Nf3 d5 3. Bf4 c6 4. e3 Qb6 5. Be2 Qxb2 6. Nbd2 Bf5 7. Qc1 Qxc2 8. Qxc2 Bxc2 9. O-O Nbd7 10. Rfd1 Bxd1 11. Rxd1 e6 12. Ne5 Nxe5 13. Bxe5 Nd7 14. Bf4 Be7 15. Nf3 O-O 16. Bg5 Bxg5 17. Nxg5 c5 18. Bb5 Nf6 19. dxc5 Rfc8 20. Rc1 h6 21. Nf3 Ne4 22. c6 a6 23.
Ba4 b5 24. Bc2 Nc3 25. Bb3 Ne2+ 0-1

[Event "Live Chess"]
[Site "Chess.com"]
[Date "2024.06.01"]
[Round "-"]
[White "Berdgross"]
[Black "TJ-W"]
[Result "0-1"]
[WhiteElo "570"]
[BlackElo "1574"]
[TimeControl "300"]
[EndTime "9:10:35 PDT"]
[Termination "TJ-W won by checkmate"]

1. e4 e5 2. d3 d5 3. exd5 Qxd5 4. Nf3 Bg4 5. Be2 Nf6 6. Nc3 Qc6 7. Nxe5 Bxe2 8. Nxc6 Bxd1 9. Nxd1 Nxc6 10. O-O O-O-O 11. Bg5 h6 12. Bxf6 gxf6 13. Ne3 Bd6 14. a3 h5 15. g3 h4 16. Nd5 hxg3 17. fxg3 Bc5+ 18. Kh1 Rh6 19. Rxf6 Rdh8 20. Rxh6 Rxh6 21. b4 Bd4 22. Rf1 Ne5 23. Ne7+ Kd8 24. Nf5 Rf6 25. Kg2 Ng4 26. Nxd4 Ne3+ 27. Kg1 Rxf1# 0-1

[Event "Live Chess"]
[Site "Chess.com"]
[Date "2024.06.01"]
[Round "-"]
[White "DJ_Lambton"]
[Black "TheRedDrag"]
[Result "0-1"]
[WhiteElo "1749"]
[BlackElo "2186"]
[TimeControl "300"]
[EndTime "9:11:21 PDT"]
[Termination "TheRedDrag won by resignation"]

1. c4 Nf6 2. g3 g6 3. Bg2 Bg7 4. Nc3 O-O 5. e3 e5 6. Nge2 c6 7. O-O d6 8. b3 Ne8 9. Bb2 f5 10. d4 e4 11. Nf4 Nf6 12. Rc1 g5 13. Nfe2 h6 14. Qc2 d5 15. cxd5 cxd5 16. Rfd1 Nc6 17. a3 Nh5 18. b4 a6 19. Qb3 Be6 20. Na4 Qe7 21. Nc5 Bf7 22. Nc3 Rad8 23. a4 f4 24. b5 axb5 25. axb5 Na5 26. Qa4 Nc4 27. Ba3 Nxa3 28.
Qxa3 fxe3 29. fxe3 b6 30. N3a4 bxc5 31. Nxc5 Rb8 32.
Rb1 Be8 33. b6 Bc6 34. Qa7 Qxa7 35. bxa7 Ra8 36. Ra1 Rf7 37. Rdb1 Raxa7 38. Rxa7 Rxa7 39. Rb6 Be8 40. Rb8 Kf7 41. Bf1 Nf6 42. Bh3 g4 43.
Bg2 Bc6 44. Rc8 Bd7 45. Rb8 Ne8 46. h3 gxh3 47. Bf1 Nd6 48. Kh2 Ra2+ 49. Kg1 h2+ 50.
Kh1 Bg4 51. Bg2 Bf3 52. Kxh2 Rxg2+ 53. Kh3 Re2 54. Rd8 Nf5 55. Rd7+ Kg6 56. g4 Nxe3 57. Rd6+ Bf6 58. Nd7 Bxg4+ 59. Kg3 Bxd7 0-1

[Event "Live Chess"]
[Site "Chess.com"]
[Date "2024.06.01"]
[Round "-"]
[White "StoreySniper"]
[Black "Bob2pen"]
[Result "1-0"]
[WhiteElo "2523"]
[BlackElo "1911"]
[TimeControl "300"]
[EndTime "9:11:21 PDT"]
[Termination "StoreySniper won by checkmate"]

1. e4 e6 2. d4 d5 3. Nd2 Nf6 4. e5 Nfd7 5. f4 c5 6. c3 Nc6 7. Ndf3 Be7 8. Bd3 f5 9. Nh3 a6 10. O-O b5 11. a3 b4 12. axb4 cxb4 13. Bd2 bxc3 14. bxc3 O-O 15. Kh1 Nb6 16. Rg1 Kh8 17. g4 Nc4 18. gxf5 exf5 19. Bc1 Be6 20. Ra2 g6 21.
Rag2 a5 22. Nfg5 Bg8 23. Qe1 a4 24. Qh4 a3 25. Qh6 a2 26. Nxh7 Bxh7 27. Rxg6 Rf7 28. Rg7 Qf8 29. Qxh7# 1-0

[Event "Live Chess"]
[Site "Chess.com"]
[Date "2024.06.01"]
[Round "-"]
[White "Pedrada88"]
[Black "Eva3337"]
[Result "1-0"]
[WhiteElo "2550"]
[BlackElo "1127"]
[TimeControl "300"]
[EndTime "9:11:41 PDT"]
[Termination "Pedrada88 won by resignation"]

1. e4 Nc6 2. Nf3 d6 3. Bb5 Bd7 4. d4 a6 5. Bxc6 Bxc6 6. d5 Bd7 7. e5 e6 8. O-O Nh6 9. Re1 Nf5 10. Nc3 g6 11. Bg5 Be7 12. Qd2 h6 13. Bxe7 Qxe7 14. exd6 cxd6 15. dxe6 Bxe6 16. Nd5 Qd8 17. Qc3 Kd7 18.
Nf6+ Ke7 19. Rad1 Rc8 20. Nd5+ Kd7 21. Qb4 Bxd5 22. Rxd5 Re8 23. Red1 Re6 24. Qxb7+ Rc7 25. Qxa6 Rxc2 26. Qa4+ Rc6 27. Ne5+ Rxe5 28. Rxe5 Qb6 29.
Rb5 Qc7 30. g4 Nh4 31. Qf4 Rc1 32. Qxf7+ Kc6 33. Rxc1+ Kxb5 34. Qxc7 1-0

[Event "Live Chess"]
[Site "Chess.com"]
[Date "2024.06.01"]
[Round "-"]
[White "Bazzza132"]
[Black "TigerTank70"]
[Result "1-0"]
[WhiteElo "1713"]
[BlackElo "2179"]
[TimeControl "300"]
[EndTime "9:11:58 PDT"]
[Termination "Bazzza132 won - game abandoned"]

1. d4 d5 2. c4 e5 3. dxe5 d4 4. e3 Bb4+ 5. Bd2 dxe3 6. Bxb4 exf2+ 7. Ke2 fxg1=Q 8. Qxd8+ Kxd8 9. Rxg1 Nc6 10. Bc3 Bg4+ 11. Kf2 Ke7 12. e6 f6 13. Bd3 Bxe6 14. Nd2 Kf7 15. Nf3 Rd8 16. Rad1 1-0

[Event "Live Chess"]
[Site "Chess.com"]
[Date "2024.06.01"]
[Round "-"]
[White "Inglaterra"]
[Black "nitrofish07"]
[Result "1-0"]
[WhiteElo "2052"]
[BlackElo "2123"]
[TimeControl "300"]
[EndTime "9:12:02 PDT"]
[Termination "Inglaterra won by resignation"]

1. c4 c6 2. Nf3 d5 3. g3 Nf6 4.
Bg2 Bg4 5. O-O Bxf3 6. Bxf3 e6 7. b3 Be7 8. Bb2 O-O 9. d3 Nbd7 10. Nd2 a5 11. Rc1 a4 12. Qc2 Rc8 13. e4 e5 14.
Bg2 b5 15. bxa4 bxc4 16. dxc4 d4 17. f4 c5 18. h3 Qa5 19. Nf3 Bd6 20. f5 Ra8 21. a3 Qxa4 22. Qe2 Rfb8 23. g4 Qb3 24. Ba1 Rxa3 25. Nh2 Ra2 26. Qe1 Nb6 27. g5 Nh5 28. Bf3 Nf4 29. Qh4 Qe3+ 30. Kh1 Qd2 31. Ng4 Nd7 32.
f6 g6 33. Rcd1 Qe3 34. Nxe3 dxe3 35. Rxd6 e2 36. Bxe2 1-0

[Event "Live Chess"]
[Site "Chess.com"]
[Date "2024.06.01"]
[Round "-"]
[White "ProfPoisson"]
[Black "ALEX_UA_69"]
[Result "0-1"]
[WhiteElo "1234"]
[BlackElo "1743"]
[TimeControl "300"]
[EndTime "9:12:03 PDT"]
[Termination "ALEX_UA_69 won on time"]

1. e4 e5 2. Nf3 Nc6 3. d4 exd4 4. Bc4 d6 5. Nxd4 Nxd4 6. Qxd4 Qf6 7. Be3 Be7 8. Nc3 Qxd4 9. Bxd4 Bf6 10. Bxf6 Nxf6 11.
O-O-O O-O 12. f3 a6 13. g4 b5 14. Bd5 Rb8 15. g5 Nd7 16. h4 Ne5 17. f4 Nd7 18.
f5 Ne5 19. h5 c6 20. Bb3 Bb7 21. h6 g6 22. fxg6 Nxg6 23. Rxd6 c5 24. Bd5 b4 25. Bxb7 bxc3 26. Bd5 cxb2+ 27. Kb1 Nf4 28. Bb3 c4 29. Bxc4 a5 30. Rf1 Ng6 31. Rd7 Ne5 32. Rc7 a4 33. g6 hxg6 34. Rc5 Nxc4 35.
Rxc4 a3 36. Ra4 Rfe8 37. Re1 Kh7 38. Rxa3 Re5 39. Rb3 Reb5 40. Kxb2 Kxh6 41. e5 Kg7 42. a4 R5b7 43. Ra1 Kf8 44. a5 Rxb3+ 45. cxb3 Ke7 46.
a6 Ra8 47. b4 Ke6 48. b5 Kd7 49. b6 Kc6 50. b7 Rb8 51. Kc3 Kb6 52. Kd4 Ka7 53.
Kd5 Rd8+ 54. Kc6 Rd2 55. Kc7 Rc2+ 56. Kd8 Re2 57. Kc8 Rc2+ 58. Kd7 Rc5 59. Ke7 Rxe5+ 60.
Kxf7 g5 61. b8=Q+ Kxb8 62. Kf6 Rb5 63. a7+ Ka8 64. Rg1 Rb6+ 65. Kxg5 Kxa7 66. Rf1 Ka6 67. Rf7 Ka5 0-1

[Event "Live Chess"]
[Site "Chess.com"]
[Date "2024.06.01"]
[Round "-"]
[White "NAZRIZ1977"]
[Black "akp42"]
[Result "0-1"]
[WhiteElo "2136"]
[BlackElo "1988"]
[TimeControl "300"]
[EndTime "9:12:16 PDT"]
[Termination "akp42 won by resignation"]

1. d4 Nf6 2. Nc3 d5 3. Bf4 e6 4. e3 Bd6 5. Nf3 Bxf4 6. exf4 Qd6 7. Qd2 O-O 8. O-O-O Nbd7 9. Ne5 c5 10. dxc5 Nxc5 11. Bd3 Nxd3+ 12. Qxd3 a6 13. g4 b5 14. f3 b4 15. Ne2 a5 16. Nd4 Ba6 17. Qe3 Rfc8 18. Kb1 a4 19. h4 Nd7 20. h5 a3 21. b3 Rc3 22. Qe1 Rac8 23. Rd2 Nxe5 24. fxe5 Qb6 25. g5 Bd3 26. Rxd3 Rxd3 27. cxd3 Qxd4 28. Rh2 Qxd3+ 0-1

[Event "Live Chess"]
[Site "Chess.com"]
[Date "2024.06.01"]
[Round "-"]
[White "TedUdale"]
[Black "Ocelot32"]
[Result "1-0"]
[WhiteElo "2171"]
[BlackElo "1389"]
[TimeControl "300"]
[EndTime "9:12:23 PDT"]
[Termination "TedUdale won on time"]

1. e4 e6 2. Nc3 d5 3. exd5 exd5 4. d4 Nf6 5. Nf3 Be7 6. Bf4 Bf5 7. Bd3 Bxd3 8. Qxd3 c6 9. O-O O-O 10. Rfe1 Nbd7 11.
Ng5 Re8 12. Be5 h6 13. Bxf6 Nxf6 14. Nf3 Qd6 15. Ne5 Qc7 16. Ne2 Bd6 17. f4 Ne4 18.
Ng3 Nxg3 19. hxg3 c5 20. dxc5 Bxe5 21. fxe5 Rxe5 22. Rxe5 Qxe5 23. Rf1 Rc8 24. b4 Qb2 25. Qxd5 Qxb4 26. Qxf7+ Kh8 27. Qg6 Qxc5+ 28. Kh2 b5 29. Rf7 Rg8 30. Rf5 Qxc2 31. Qe6 b4 32. Rh5 Qd2 33.
Rh4 a5 34. Qb6 Ra8 35. Qb7 Re8 36. Rg4 Rg8 37. Qf7 a4 38. Qc4 Rb8 39. Qc7 Rg8 40. Qf7 b3 41. axb3 a3 42. Qa7 a2 43. Ra4 Qd1 44.
Rxa2 Qh5+ 45. Kg1 Qd1+ 46. Kf2 Rf8+ 47. Ke3 Re8+ 48. Kf4 Qf1+ 49. Kg4 Re4+ 50. Kh5 Qh1+ 51. Kg6 Re6+ 52. Kf7 Rf6+ 53. Ke8 Qe1+ 54. Qe7 Re6 55. Ra7 Rxe7+ 56. Rxe7 Qb4 57. Kf7 Kh7 58. Re3 Qb7+ 59. Ke6 Qxg2 60. Ke5 Qb2+ 61. Kf4 Qd4+ 62. Re4 Qd2+ 63.
Ke5 h5 64. b4 1-0

[Event "Live Chess"]
[Site "Chess.com"]
[Date "2024.06.01"]
[Round "-"]
[White "karina55"]
[Black "Zhevzh1k7"]
[Result "1-0"]
[WhiteElo "1735"]
[BlackElo "1081"]
[TimeControl "300"]
[EndTime "9:12:32 PDT"]
[Termination "karina55 won by checkmate"]

1. e4 c6 2. d4 d5 3. e5 c5 4. c3 e6 5. Nf3 Nc6 6. Be2 Qb6 7. O-O Bd7 8. dxc5 Bxc5 9. b4 Be7 10. Bb2 Nh6 11. a4 Nf5 12. Na3 O-O 13. Nb5 a6 14.
Nbd4 Nfxd4 15. Nxd4 Nxd4 16. cxd4 Qxb4 17. Ba3 Bxa4 18.
Qd3 Bb5 19. Qe3 Bxe2 20. Bxb4 Bxf1 21. Bxe7 Rfe8 22. Bc5 Bb5 23. h3 a5 24. g4 Bc4 25. f4 Reb8 26. Bb6 Ra6 27. Bxa5 b6 28. Bc3 Rxa1+ 29. Bxa1 b5 30. Bb2 b4 31. f5 exf5 32.
gxf5 b3 33. e6 Kf8 34. Ba3+ Ke8 35. Qg5 Rb7 36. Qxg7 fxe6 37. Qxb7 exf5 38. Qe7# 1-0

[Event "Live Chess"]
[Site "Chess.com"]
[Date "2024.06.01"]
[Round "-"]
[White "13Alexey"]
[Black "PedroCI"]
[Result "1-0"]
[WhiteElo "723"]
[BlackElo "1252"]
[TimeControl "300"]
[EndTime "9:12:46 PDT"]
[Termination "13Alexey won by checkmate"]

1. d4 d5 2. Bf4 Nc6 3. e3 Nf6 4. Bd3 e6 5. Nf3 Bd6 6. Bg3 Ne4 7. c3 Nxg3 8. hxg3 b6 9. Rxh7 Rxh7 10. Bxh7 g6 11. Qd3 Qf6 12. Nbd2 Qg7 13. Bxg6 fxg6 14. O-O-O Bb7 15. Ng5 Qf6 16. f4 O-O-O 17. Rh1 Rh8 18.
Rxh8+ Qxh8 19. Nxe6 Qh1+ 20. Kc2 Qxg2 21. Qxg6 Ne7 22.
Qe8# 1-0

[Event "Live Chess"]
[Site "Chess.com"]
[Date "2024.06.01"]
[Round "-"]
[White "GeorgianaMorea"]
[Black "viktor_forever1994"]
[Result "1-0"]
[WhiteElo "1998"]
[BlackElo "1447"]
[TimeControl "300"]
[EndTime "9:12:53 PDT"]
[Termination "GeorgianaMorea won by checkmate"]

1. c4 e5 2. Nc3 Nf6 3. d3 Bb4 4. g3 a5 5. Bg2 O-O 6. e4 c6 7. Ne2 d5 8. cxd5 cxd5 9. exd5 Nxd5 10. O-O Nxc3 11. bxc3 Be7 12. d4 Bf6 13. Be3 Re8 14. Qc2 Ra6 15. Rfd1 exd4 16. Nxd4 Rd6 17. Nb5 Rxd1+ 18.
Rxd1 Qe7 19. Bf4 Bg4 20. Rc1 Be6 21. Nd6 Rd8 22. Nxb7 Rd5 23. Bxd5 Bxd5 24. Bxb8 Qxb7 25. Rb1 Qc6 26. Bf4 Bh1 27. Rb8+ Bd8 28. Rxd8+ Qe8 29. Rxe8# 1-0

[Event "Live Chess"]
[Site "Chess.com"]
[Date "2024.06.01"]
[Round "-"]
[White "RamsayFlayer"]
[Black "GEMdzq"]
[Result "0-1"]
[WhiteElo "1964"]
[BlackElo "2339"]
[TimeControl "300"]
[EndTime "9:12:58 PDT"]
[Termination "GEMdzq won by resignation"]

1. e4 Nf6 2. e5 Nd5 3. c4 Nb6 4.
d4 d6 5. f4 g6 6. Nf3 Bg7 7. Nc3 O-O 8. Be2 dxe5 9. fxe5 c5 10. d5 Bg4 11. Bf4 N8d7 12. O-O Bxf3 13. Bxf3 Nxe5 14. Bxe5 Bxe5 15. d6 Qxd6 16. Qxd6 exd6 17.
Bxb7 Nxc4 18. Bxa8 Rxa8 19. Nd5 Nxb2 20. Ne7+ Kg7 21. Nc6 Bc3 22. Rac1 Bd2 23. Rc2 Be3+ 24. Kh1 Nd3 25. Rf3 Ne1 26. Rxe3 Nxc2 27. Re7 Rc8 28. Nxa7 Rb8 29. h3 Nd4 30. Nc6 Nxc6 0-1

[Event "Live Chess"]
[Site "Chess.com"]
[Date "2024.06.01"]
[Round "-"]
[White "NeilDruggan73"]
[Black "CarmelJane"]
[Result "0-1"]
[WhiteElo "1735"]
[BlackElo "2116"]
[TimeControl "300"]
[EndTime "9:13:04 PDT"]
[Termination "CarmelJane won by resignation"]

1. d4 Nf6 2. Bg5 e6 3. e4 h6 4.
Bxf6 Qxf6 5. c3 d6 6. Bc4 Qg5 7. g3 d5 8. Nf3 Qd8 9. exd5 exd5 10. Bd3 Bg4 11. Nbd2 Be7 12. Qb3 b6 13. O-O-O O-O 14. Rde1 a5 15. a4 c5 16. dxc5 Bxc5 17. Nd4 Bxd4 18.
cxd4 Nc6 19. Bb1 Nxd4 20. Qd3 Rc8+ 21. Bc2 Rxc2+ 22. Qxc2 Nxc2 23. Kxc2 Bf5+ 24. Kd1 Qc7 0-1

[Event "Live Chess"]
[Site "Chess.com"]
[Date "2024.06.01"]
[Round "-"]
[White "TheSmoulderingMaster"]
[Black "Bradfield133"]
[Result "0-1"]
[WhiteElo "1731"]
[BlackElo "2027"]
[TimeControl "300"]
[EndTime "9:13:20 PDT"]
[Termination "Bradfield133 won by resignation"]

1. e4 c5 2. Nf3 Nc6 3. d4 cxd4 4. Nxd4 g6 5. Bc4 Bg7 6. Be3 Nf6 7. Nc3 Qa5 8. Nb3 Qc7 9. O-O O-O 10. f4 d6 11.
Qf3 Bd7 12. Rad1 a6 13. f5 Ne5 14.
Qe2 Qxc4 15. Qe1 Qc7 16. Bg5 Bc6 17. Qd2 Nc4 18. Qe2 Nxb2 19. Rb1 Na4 20. fxg6 hxg6 21. Nxa4 Bxa4 22. Nd4 Qc5 23. Be3 Qe5 24. Rxb7 Qxe4 25. Rf4 Qxb7 0-1

[Event "Live Chess"]
[Site "Chess.com"]
[Date "2024.06.01"]
[Round "-"]
[White "Ratt6809"]
[Black "dl_chess"]
[Result "0-1"]
[WhiteElo "296"]
[BlackElo "1171"]
[TimeControl "300"]
[EndTime "9:13:22 PDT"]
[Termination "dl_chess won by resignation"]

1. e4 e6 2. Nf3 d5 3. exd5 exd5 4. Qe2+ Be6 5. Nc3 c6 6. d3 Bd6 7. Bg5 Nf6 8. O-O-O Nbd7 9. Bxf6 Qxf6 10. g3 O-O 11. Bh3 Rfe8 12. g4 Bxg4 13. Bxg4 Rxe2 14. Nxe2 Bf4+ 15.
Nxf4 Qxf4+ 16. Kb1 Qxg4 17. Rde1 Qxf3 18. h4 h6 19. c4 dxc4 20. dxc4 Nf6 21. Rd1 Re8 22.
Rhe1 Rxe1 23. Rxe1 Qxf2 24. Rd1 Qf5+ 25. Kc1 Qf4+ 26.
Kb1 Qe4+ 27. Ka1 Qe2 28. Rd8+ Kh7 29. a4 Qe1+ 30. Ka2 Qb4 31. Rf8 Qxa4+ 32. Kb1 Qd1+ 33.
Ka2 Kg6 34. b4 Qa4+ 35. Kb2 Qxb4+ 36. Ka2 Qxf8 0-1

[Event "Live Chess"]
[Site "Chess.com"]
[Date "2024.06.01"]
[Round "-"]
[White "resipsa6"]
[Black "DoYouLikeCurry"]
[Result "1-0"]
[WhiteElo "2056"]
[BlackElo "1447"]
[TimeControl "300"]
[EndTime "9:13:25 PDT"]
[Termination "resipsa6 won on time"]

1. e4 c6 2. d4 d5 3. exd5 cxd5 4. Bd3 Nc6 5. c3 Nf6 6. Nf3 Bg4 7. Bf4 e6 8. Nbd2 Qb6 9. Qc2 Bxf3 10. Nxf3 Rc8 11.
Qe2 Be7 12. O-O O-O 13. Ne5 Nxe5 14. Bxe5 Bd6 15. Bxf6 gxf6 16. Qh5 f5 17. Qg5+ Kh8 18. Qf6+ Kg8 19. Rab1 Qc7 20. Qh4 Be7 21. Qh5 Kh8 22. f4 Rg8 23. Qxf7 Rg6 24. Rbe1 Rf8 25.
Qxg6 hxg6 26. Rxe6 Rf6 27. Re3 Bd6 28. Re8+ Kg7 29.
Rfe1 Bxf4 30. R1e7+ Rf7 31. Rxc7 Rxc7 32. g3 Bc1 33. Re2 Kf6 34. Kf2 Re7 35. Rxe7 Kxe7 36.
b3 Ke6 37. c4 dxc4 38. Bxc4+ Kd6 39. h4 Bb2 40. Ke3 Bc1+ 41. Kf3 Bb2 42. Bf7 Bxd4 43. Bxg6 Ke6 44. Be8 Bc3 45. Bb5 b6 46. Bd3 Be1 47.
Kf4 Bd2+ 48. Kf3 Be1 49. h5 Kf6 50. g4 fxg4+ 51. Kxg4 Kg7 52. Bg6 Bd2 53. Kf5 Be3 54.
Ke6 Bc5 55. Kd5 Be3 56. Kc4 Bc5 57. Kb5 Bd6 58. Ka6 Bb8 59. Kb7 Bd6 60. Kxa7 b5 61. a4 bxa4 62. bxa4 Bc5+ 63. Ka6 Be3 64. Kb5 Bf2 65. a5 Be3 66. a6 Bf2 67. Kc6 Be3 68. Kd5 Bf2 69. Ke6 Ba7 70. Kf5 Be3 71. Be8 Kh6 72. Kg4 1-0